 Dungeon Crawl Stone Soup version 0.30.0-10-gfe55d96785 (webtiles) character file.

Game seed: 6920344321424604983

1915 Mune the Magician (level 9, -5/52 HPs)
             Began as a Gargoyle Fire Elementalist on May 14, 2023.
             Was a Follower of the Shining One.
             Slain by an ogre
             ... wielding a +0 giant club
              (20 damage)
             ... on level 7 of the Dungeon.
             The game lasted 00:28:06 (9812 turns).

Mune the Magician (Gargoyle Fire Elementalist)      Turns: 9812, Time: 00:28:07

Health: -5/52      AC: 17    Str: 11    XL:     9   Next: 16%
Magic:  16/20      EV: 12    Int: 21    God:    the Shining One [*.....]
Gold:   393        SH:  0    Dex: 10    Spells: 12/23 levels left

rFire   . . .        n - +1 short sword (speed)
rCold   . . .        (no shield)
rNeg    + . .        r - +2 robe {Will+}
rPois   ∞            e - +0 helmet
rElec   +            F - +0 cloak
rCorr   .            (no gloves)
SInv    .            k - +0 pair of boots
Will    +....        (no amulet)
Stlth   +            B - +4 ring of protection
HPRegen 0.28/turn    (no ring)
MPRegen 0.17/turn

%: no passive effects
@: about to teleport, glowing
A: sickness immunity, AC +6, negative energy resistance 1, electricity
resistance, torment resistance 1, petrification resistance
a: Renounce Religion, Divine Shield


You were on level 7 of the Dungeon.
You worshipped the Shining One.
The Shining One was aware of your devotion.
You visited 2 branches of the dungeon, and saw 8 of its levels.
You also visited: Ossuary.

You collected 393 gold pieces.

Inventory:

Hand Weapons
 n - a +1 short sword of speed (weapon)
 E - a +0 arbalest
Armour
 a - a +0 robe
 e - a +0 helmet (worn)
 k - a +0 pair of boots (worn)
 r - a +2 robe of willpower (worn)
 F - a +0 cloak (worn)
Jewellery
 f - a ring of ice
 B - a +4 ring of protection (left hand)
Wands
 z - a wand of charming (2)
 D - a wand of flame (16)
Scrolls
 d - a scroll of acquirement {unknown}
 g - 2 scrolls of enchant armour
 h - 4 scrolls of vulnerability
 i - 2 scrolls of immolation
 j - 3 scrolls of poison
 m - 2 scrolls of teleportation
 o - 2 scrolls of amnesia
 x - 3 scrolls of torment
 y - a scroll of magic mapping
 A - a scroll of fog {unknown}
Potions
 b - a potion of magic
 c - 2 potions of might
 l - 6 potions of curing
 p - a potion of cancellation {unknown}
 q - a potion of degeneration {unknown}
 s - a potion of flight {unknown}
 t - a potion of attraction {unknown}
 u - a potion of invisibility
 v - a potion of ambrosia {unknown}
 w - 3 potions of heal wounds {unknown}
 C - 2 potions of haste
 G - a potion of brilliance


   Skills:
 * Level 4.1 Fighting
 + Level 0.4 Short Blades
 + Level 2.8 Dodging
 - Level 2.4 Stealth
 * Level 7.6 Spellcasting
 + Level 4.8 Conjurations
 + Level 0.1 Translocations
 + Level 5.7 Fire Magic


You had 12 spell levels left.
You knew the following spells:

 Your Spells              Type           Power      Damage    Failure   Level
a - Foxfire               Conj/Fire      100%       2x1d9     1%          1
b - Flame Wave            Conj/Fire      30%        2d9       10%         4
c - Inner Flame           Hex/Fire       20%        N/A       8%          3
d - Volatile Blastmotes   Fire/Tloc      40%        2d13      8%          3

Your spell library contained the following spells:

 Spells                   Type           Power      Damage    Failure   Level
 Scorch                   Fire           64%        2d8       1%          2
 Static Discharge         Conj/Air       36%        2-4/arc   4%          2
 Airstrike                Air            3%         2d(1-17)  63%         4
 Summon Lightning Spire   Summ/Air       7%         N/A       63%         4


Dungeon Overview and Level Annotations

Branches:
Dungeon (7/15)             Temple (1/1) D:5         Ossuary (visited)

Altars:
Ashenzari
Cheibriados
Dithmenos
Fedhas
Gozag
Hepliaklqana
Kikubaaqudgha
Nemelex Xobeh
Okawaru
Qazlal
Trog
Uskayaw
Wu Jian
Xom
The Shining One

Shops:
D:3 [   D:6 :   D:7 *:


Innate Abilities, Weirdness & Mutations

You are immune to sickness and miasma.
Your stone body is resilient. (AC +6)
You are immune to poison.
You resist negative energy. (rN+)
You are resistant to electric shocks. (rElec)
You are resistant to unholy torment.
You are immune to petrification.


Message History

Aim: an orc, wielding a +0 club (chance to affect: 87%)
The orc is filled with an inner flame.
The white imp gestures at you.
The puff of frost hits you but does no damage.
Casting: Inner Flame (dangerous; 8% risk of failure)
Confirm with . or Enter, or press ? or * to list all spells.
Casting: Flame Wave (dangerous; 10% risk of failure)
Press: ? - help, Dir - look around, f - activate Look: an orc, wielding a +0 club (inner flame)
A wave of flame ripples out!
The flame wave engulfs the white imp!!
The white imp is burned terribly!
You kill the white imp!
The Shining One accepts your kill.
The flame wave engulfs the orc.
The orc is moderately wounded. (Press . to intensify the flame waves.)
The orc hits you but does no damage. The steam dragon breathes steam at you.
The ball of steam hits the orc!!
The ball of steam hits the orc!
The orc dies!
The ball of steam hits you!
The orc explodes!
Magic courses through your body.
You are engulfed in a cloud of scalding steam.
Casting: Flame Wave (dangerous; 10% risk of failure)
Confirm with . or Enter, or press ? or * to list all spells.
Casting: Flame Wave (dangerous; 10% risk of failure)
Press: ? - help, Dir - look around, f - activate Look: an ogre, wielding a +0 giant club (steam, haloed)
A wave of flame ripples out!
The flame wave engulfs the ogre.
The ogre is moderately wounded. (Press . to intensify the flame waves.)
You are engulfed in a cloud of scalding steam.
The ogre hits you with a +0 giant club!
* * * LOW HITPOINT WARNING * * *
Your magical contamination has completely faded away.
As you read the scroll of teleportation, it crumbles to dust.
You feel strangely unstable.
The ogre hits you with a +0 giant club!!
You die...

###### ###....####
#8........# #
#.....###.# ####.#..#
#..>....#.######@O.....#
#.............##§#####..
#....∩.........§D§###
###..).)......##§§.∩#
#...)<..##......###
###.....##..#.D#####..
#....8##..##)..ooo..
#.######..#######...
.... ....


You could see a steam dragon and an ogre.

Vanquished Creatures
  Edmund (D:6)
  5 black bears
  An ogre (D:5)
  2 kobold brigands (D:6)
  A bullfrog (D:6)
  A water moccasin zombie (Ossuary)
  4 scorpions
  A hound (D:6)
  2 jellies (D:5)
  Crazy Yiuf (D:4)
  A gnoll bouda (D:5)
  A sleepcap (D:6)
  Jessica (D:3)
  Ijyb (D:3)
  5 orc wizards
  2 mummies (Ossuary)
  13 gnolls
  4 adders
  2 shadow imps (D:6)
  2 white imps
  2 ufetubi
  7 adder zombies (Ossuary)
  3 worms
  3 dart slugs
  16 orcs
  6 endoplasms
  A giant cockroach (D:1)
  4 gnoll zombies (Ossuary)
  8 hobgoblins
  12 jackals
  3 quokkas
  5 ball pythons
  5 bats
  4 frilled lizards
  8 goblins
  6 hobgoblin zombies (Ossuary)
  13 kobolds
  5 kobold zombies (Ossuary)
  3 orc zombies (Ossuary)
  3 rats
168 creatures vanquished.

Vanquished Creatures (collateral kills)
  2 foxfires (D:2)
2 creatures vanquished.

Vanquished Creatures (others)
  2 orcs (D:7)
  926 foxfires
928 creatures vanquished.

Grand Total: 1098 creatures vanquished

Notes
Turn   | Place    | Note
-------+----------+-------------------------------------------
     0 | D:1      | Mune the Gargoyle Fire Elementalist began the quest for the
                  | Orb.
     0 | D:1      | Reached XP level 1. HP: 10/10 MP: 3/3
   443 | D:1      | Reached XP level 2. HP: 15/15 MP: 0/5
  1294 | D:1      | Reached XP level 3. HP: 19/19 MP: 0/6
  3033 | D:2      | Reached XP level 4. HP: 22/24 MP: 1/7
  3358 | D:2      | Reached skill level 1 in Fighting
  3637 | D:3      | Noticed a scorpion
  3663 | D:3      | Killed a scorpion
  3664 | D:3      | Reached skill level 3 in Spellcasting
  3664 | D:3      | Reached XP level 5. HP: 24/29 MP: 0/9
  3748 | D:3      | Noticed Jessica
  3756 | D:3      | Killed Jessica
  3817 | D:3      | Found Ajucir's Armour Emporium.
  4879 | D:3      | Found a faded altar of an unknown god.
  4941 | D:3      | Found a bloodstained altar of Trog.
  5058 | D:4      | Learned a level 4 spell: Flame Wave
  5155 | D:4      | Noticed Ijyb
  5202 | D:3      | Killed Ijyb
  5203 | D:3      | Reached XP level 6. HP: 23/35 MP: 2/11
  5536 | D:4      | Found a hide-covered altar of Uskayaw.
  5548 | D:4      | Found a sand-covered staircase.
  5556 | Ossuary  | Entered an ossuary
  5607 | Ossuary  | Reached skill level 4 in Spellcasting
  6463 | D:4      | Reached XP level 7. HP: 40/40 MP: 9/13
  6740 | D:4      | Found an iron altar of Okawaru.
  6746 | D:4      | Found a broken altar of Ashenzari.
  6990 | D:4      | Found a runed translucent door.
  6991 | D:4      | Noticed Crazy Yiuf
  7029 | D:4      | Killed Crazy Yiuf
  7268 | D:5      | Entered Level 5 of the Dungeon
  7285 | D:5      | Found a staircase to the Ecumenical Temple.
  7318 | Temple   | Entered the Ecumenical Temple
  7336 | Temple   | Became a worshipper of the Shining One
  7427 | D:5      | Reached skill level 5 in Spellcasting
  7829 | D:5      | Reached XP level 8. HP: 45/45 MP: 8/16
  7908 | D:5      | Found a shadowy altar of Dithmenos.
  7992 | D:5      | Reached skill level 5 in Fire Magic
  8026 | D:5      | Reached skill level 6 in Spellcasting
  9024 | D:6      | Found Jaoventa's Book Shop.
  9025 | D:6      | Reached * piety under the Shining One
  9030 | D:6      | Reached skill level 7 in Spellcasting
  9259 | D:6      | Reached XP level 9. HP: 52/52 MP: 11/19
  9399 | D:6      | Learned a level 3 spell: Inner Flame
  9403 | D:6      | Learned a level 3 spell: Volatile Blastmotes
  9567 | D:6      | Noticed Edmund
  9584 | D:6      | Killed Edmund
  9711 | D:7      | Found Dirabb's General Store.
  9786 | D:7      | Found Ceiceane's Tiny Tomes.
  9812 | D:7      | Slain by an ogre

Illustrated notes

Levels and vault maps discovered:
D:1:      beargit_arrival_diablo_church, layout_basic, serial_curves,
          eino_curves_02, eino_curves_02
D:2:      wad_lake_hut, layout_loops_ring, kennysheep_generic_room_16
D:3:      layout_basic, nicolae_overflow_ecumenical_swirl, serial_shops,
          nicolae_shop_just_a_little_nook,
          nicolae_concentric_dashed_squares_wild, uniq_jessica
D:4:      layout_basic, minitemple, serial_corexii_hall, corexii_hall_statues_i,
          chequers_hall_statues_corner_a, chequers_ossuary_entry_cave,
          uniq_crazy_yiuf_cottage, uniq_ijyb
D:5:      layout_cave_pods, grunt_dithmenos_smoke_and_mirrors,
          minmay_temple_entry_gardened_gates
D:6:      layout_cave_pools, serial_column_ruins, column_ruins_columns_T,
          column_ruins_columns_T, column_ruins_corridor_plus,
          column_ruins_columns_straight, serial_shops,
          nicolae_shop_window_shopping, st_stairs_2, uniq_edmund
D:7:      corexii_shantytown, layout_loops_ring, serial_shops,
          nicolae_stop_n_shop_1, nicolae_shop_i_like_small_books_too,
          uniq_menkaure
Temple:   hellmonk_temple_rainy

Skill      XL: |  1  2  3  4  5  6  7  8  9 |
---------------+----------------------------+-----
Dodging        | 2 |  2.8
Fighting       | 1 2 3 4 |  4.1
Spellcasting   | 3 4 5 7 |  7.6
Conjurations   | 2 3 4 |  4.8
Fire Magic     | 4 5 |  5.7
Short Blades   | |  0.4
Stealth        | |  2.4
Translocations | |  0.1

Action                     |  1- 3 |  4- 6 |  7- 9 || total
---------------------------+-------+-------+-------++-------
  Melee: Unarmed           |    63 |       |       ||    63
         Short sword       |     6 |    59 |    45 ||   110
         Punch             |     2 |       |       ||     2
         Quarterstaff      |       |       |     1 ||     1
   Cast: Foxfire           |   137 |   229 |   190 ||   556
         Flame Wave        |       |     1 |     6 ||     7
         Volatile Blastmot |       |       |     4 ||     4
         Inner Flame       |       |       |     1 ||     1
    Use: Scroll            |       |     7 |     4 ||    11
         Potion            |       |       |     1 ||     1
 Armour: Robe              |    20 |    46 |    52 ||   118
  Dodge: Dodged            |    58 |    73 |    59 ||   190
